 Dungeon Crawl Stone Soup version 0.27-a0-1006-g1fd4cec11e (webtiles) character file.

Game seed: 9400704886218858798

29 siradein the Sneak (level 3, -3/28 HPs)
             Began as a Demonspawn Brigand on Apr 18, 2021.
             Slain by a gnoll
             ... wielding a +3 flail
              (5 damage)
             ... on level 1 of the Dungeon.
             The game lasted 00:01:24 (1003 turns).

siradein the Sneak (Demonspawn Brigand)             Turns: 1003, Time: 00:01:25

Health: -3/28      AC:  9    Str: 12    XL:     3   Next: 1%
Magic:  3/3        EV:  5    Int: 12    God:
Gold:   32         SH:  0    Dex: 14    Spells: 2/2 levels left

rFire    + . .     SeeInvis .   a - +2 dagger
rCold    . . .     Faith    .   (no shield)
rNeg     . . .     Spirit   .   f - +0 chain mail
rPois    .         Reflect  .   (no helmet)
rElec    .         Harm     .   c - +0 cloak
rCorr    .         Rampage  .   (no gloves)
Will     +....                  (no boots)
Stlth    ..........             (no amulet)
HPRegen  0.09/turn              b - ring of willpower
MPRegen  0.08/turn              j - ring of protection from fire

@: no status effects
A: demonic guardian 1
a: no special abilities


You were on level 1 of the Dungeon.
You visited 1 branch of the dungeon, and saw 2 of its levels.

You collected 32 gold pieces.

Inventory:

Hand Weapons
 a - a +2 dagger (weapon)
Missiles
 d - 8 poisoned darts (quivered)
 e - 2 curare-tipped darts
Armour
 c - a +0 cloak (worn)
 f - a +0 chain mail (worn)
Jewellery
 b - a ring of willpower (left hand)
 j - a ring of protection from fire (right hand)
Scrolls
 g - 2 scrolls of identify {unknown}
 h - a scroll of holy word {unknown}
Potions
 i - a potion of heal wounds {unknown}


   Skills:
 + Level 2.8 Fighting
 + Level 2.5 Short Blades
 - Level 1.7 Throwing
 - Level 0.8 Dodging
 - Level 3.6 Stealth


You had 2 spell levels left.
You didn't know any spells.
Your spell library was empty.

Dungeon Overview and Level Annotations

Branches:
Dungeon (2/15)

Altars:


Innate Abilities, Weirdness & Mutations

A weak demonic guardian rushes to your aid.


Message History

Your ufetubus hits the gnoll but does no damage.
You hit the gnoll.
The gnoll is severely wounded.
Your ufetubus hits the gnoll.
The gnoll dies!
You have reached level 3!
Your experience leads to an increase in your attributes!
Increase (S)trength, (I)ntelligence, or (D)exterity?
You feel stronger.
You start resting.
Your ufetubus disappears in a puff of smoke!
HP restored.
You climb downwards.
There is a stone staircase leading up here.
The gnoll barely misses you.
You climb upwards.
There is a stone staircase leading down, spattered with blood here.
You hit the gnoll.
The gnoll is lightly wounded.
The gnoll hits you with a +3 flail.
You hit the gnoll but do no damage.
The gnoll is lightly wounded.
The gnoll hits you with a +3 flail.
You hit the gnoll.
The gnoll is lightly wounded.
The gnoll completely misses you.
You hit the gnoll.
The gnoll is moderately wounded.
The gnoll hits you with a +3 flail.
You hit the gnoll but do no damage.
The gnoll is moderately wounded.
The gnoll hits you but does no damage.
You hit the gnoll but do no damage.
The gnoll is moderately wounded.
The gnoll hits you with a +3 flail! The gnoll hits you with a +3 flail!
* * * LOW HITPOINT WARNING * * *
A demonic guardian appears!
The gnoll hits you with a +3 flail.
You die...

.# #.# #.# ###.#..# .# #.# #.#
#....# .####### #.# #.# ###..#
.......# #.# #.# #..# [#####.#
#.########.#######... .# #.#
#.##............##..# .#
#.######...................# .#
#.........(.##########.##.## .#
##########...@# #.........##
.###.....>......g# #.....[.....
....>...#####.#.5#####.####.#####
.....#.## #.#.>.....[# #.#
#.####.######.##)#####.# #.#
#.............##.#####.# #.#
#####..................####.#
#...########............# #####
##############


You could see a gnoll (ally target) and a friendly quasit (summoned).

Vanquished Creatures
  2 bats (D:1)
  2 endoplasms (D:1)
  A giant cockroach (D:1)
  3 goblins (D:1)
  2 hobgoblins (D:1)
  A ball python (D:1)
  3 kobolds (D:1)
  3 rats (D:1)
17 creatures vanquished.

Vanquished Creatures (collateral kills)
  A gnoll (D:1)
  2 quokkas (D:1)
3 creatures vanquished.

Grand Total: 20 creatures vanquished

Notes
Turn   | Place    | Note
-------+----------+-------------------------------------------
     0 | D:1      | siradein the Demonspawn Brigand began the quest for the
                  | Orb.
     0 | D:1      | Reached XP level 1. HP: 16/16 MP: 1/1
   188 | D:1      | Found a faded altar of an unknown god.
   333 | D:1      | Gained mutation: A weak demonic guardian rushes to your
                  | aid. [demonic ancestry]
   333 | D:1      | Reached XP level 2. HP: 23/23 MP: 2/2
   837 | D:1      | Reached XP level 3. HP: 14/28 MP: 3/3
  1003 | D:1      | Slain by a gnoll

Illustrated notes

Levels and vault maps discovered:
D:1:      saegor_arrival_simple_b, layout_loops_ring,
          ebering_ecumenical_altar_abandoned
D:2:      layout_loops_ring, minmay_tall_x, uniq_jessica

Skill      XL: |  1 |
---------------+----+-----
Short Blades   | 2 |  2.5
Fighting       | |  2.8
Throwing       | |  1.7
Dodging        | |  0.8
Stealth        | |  3.6

Action                   || total
-------------------------++-------
Melee: Dagger            ||    63
 Stab: Sleeping          ||     1
Armor: Chain mail        ||    41
Dodge: Dodged            ||    13

Table legend: (Time is in decaauts)
 A = Elapsed time spent in this place.
 B = Non-inter-level travel time spent in this place.
 C = Inter-level travel time spent in this place.
 D = Time resting spent in this place.
 E = Time spent auto-exploring this place.
 F = Levels seen in this place.
 G = Mean time per level.
                   A        B        C        D        E       F      G
               +--------+--------+--------+--------+--------+-----+--------+
         Total |    996 |    944 |     52 |    152 |    629 |   2 |  498.0 |
       Dungeon |    996 |    944 |     52 |    152 |    629 |   2 |  498.0 |
               +--------+--------+--------+--------+--------+-----+--------+

Top non-repeatable levels by time:
     D:1: 986 daAuts
     D:2: 10 daAuts
